 Dungeon Crawl Stone Soup version 0.29.1-15-g9cfb28693d (webtiles) character file.

Game seed: 5542790887464984052

747 EarthwalkerPL the Covered (level 7, 0/64 HPs)
             Began as a Minotaur Fighter on Mar 7, 2023.
             Slain by a gnoll sergeant
             ... wielding a +3 spear of freezing
              (2 damage)
             ... on level 4 of the Dungeon.
             The game lasted 00:07:01 (4336 turns).

EarthwalkerPL the Covered (Minotaur Fighter)        Turns: 4336, Time: 00:07:03

Health: 0/64       AC: 12    Str: 22    XL:     7   Next: 48%
Magic:  6/6        EV:  6    Int:  5    God:
Gold:   175        SH:  5    Dex: 10    Spells: 6/6 levels left

rFire   . . .      SeeInvis .   a - +0 war axe
rCold   . . .      Faith    .   c - +0 buckler
rNeg    . . .      Spirit   .   f - +0 plate armour
rPois   .          Reflect  .   (helmet restricted)
rElec   .          Harm     .   (no cloak)
rCorr   +          Rampage  .   (no gloves)
Will    .....                   (no boots)
Stlth   ..........              (no amulet)
HPRegen 0.20/turn               j - ring of resist corrosion
MPRegen 0.10/turn               l - ring of flight

@: flying
A: horns 2, retaliatory headbutt
a: no special abilities


You were on level 4 of the Dungeon.
You visited 1 branch of the dungeon, and saw 4 of its levels.
You also visited: Ossuary.

You collected 175 gold pieces.

Inventory:

Hand Weapons
 a - a +0 war axe (weapon)
Missiles
 r - 6 poisoned darts (quivered)
Armour
 b - a +0 scale mail
 c - a +0 buckler (worn)
 f - a +0 plate armour (worn)
Jewellery
 j - a ring of resist corrosion (left hand)
 l - a ring of flight (right hand)
Wands
 n - a wand of roots (4)
Scrolls
 e - 5 scrolls of identify {unknown}
 g - 3 scrolls of enchant weapon {unknown}
 h - 2 scrolls of amnesia {unknown}
 i - a scroll of torment {unknown}
 k - a scroll of noise {unknown}
 q - 4 scrolls of enchant armour {unknown}
 t - a scroll of silence {unknown}
 y - a scroll of blinking {unknown}
Potions
 d - 2 potions of might
 m - a potion of brilliance {unknown}
 o - 2 potions of heal wounds {unknown}
 p - 4 potions of ambrosia {unknown}
 s - a potion of mutation {unknown}
 u - 2 potions of curing {unknown}
 v - a potion of magic {unknown}
 w - a potion of haste {unknown}
 x - 2 potions of attraction {unknown}
 z - a potion of lignification {unknown}
 A - a potion of flight {unknown}
 B - a potion of invisibility {unknown}


   Skills:
 * Level 6.4 Fighting
 * Level 5.7 Axes
 * Level 6.5 Armour
 + Level 5.2 Shields


You had 6 spell levels left.
You didn't know any spells.
Your spell library contained the following spells:

 Spells                   Type           Power      Damage    Failure   Level
 Call Canine Familiar     Summ           0%         N/A       100%        3
 Portal Projectile        Hex/Tloc       0%         N/A       100%        3
 Leda's Liquefaction      Hex/Erth       0%         N/A       100%        4


Dungeon Overview and Level Annotations

Branches:
Dungeon (4/15)            Ossuary (visited)
 Temple: D:4-7

Altars:
Fedhas
Kikubaaqudgha

Shops:
D:3 *


Innate Abilities, Weirdness & Mutations

You have a pair of horns on your head.
You reflexively headbutt those who attack you in melee.


Message History

The gnoll closely misses you. The gnoll sergeant barely misses you.
You hit the gnoll sergeant but do no damage.
The gnoll sergeant is moderately wounded.
You completely miss the gnoll. You block the gnoll sergeant's attack.
The gnoll hits you but does no damage.
You hit the gnoll sergeant but do no damage.
The gnoll sergeant is moderately wounded.
You closely miss the gnoll. The gnoll sergeant barely misses you.
The gnoll barely misses you.
You slash the gnoll sergeant! You headbutt the gnoll sergeant.
The gnoll sergeant is severely wounded.
You closely miss the gnoll.
The gnoll sergeant hits you with a +3 spear of freezing!
* * * LOW HITPOINT WARNING * * *
The gnoll sergeant freezes you.
* * * LOW HITPOINT WARNING * * *
The gnoll barely misses you.
You completely miss the gnoll sergeant.
The gnoll sergeant is severely wounded.
You hit the gnoll.
The gnoll sergeant hits you with a +3 spear of freezing.
* * * LOW HITPOINT WARNING * * *
The gnoll sergeant freezes you.
* * * LOW HITPOINT WARNING * * *
You block the gnoll's attack. The gnoll hits you but does no damage.
The gnoll sergeant hits you but does no damage.
You hit the gnoll sergeant.
You headbutt the gnoll sergeant, but do no damage.
The gnoll sergeant is severely wounded.
You slash the gnoll!
You kill the gnoll!
You block the gnoll sergeant's attack.
Your life force feels restored.
You hit the gnoll sergeant but do no damage.
Your headbutt misses the gnoll sergeant.
The gnoll sergeant is severely wounded.
The gnoll sergeant hits you with a +3 spear of freezing.
* * * LOW HITPOINT WARNING * * *
The gnoll sergeant freezes you.
You die...

##.#.......'.. ####(##
#..#.......#.. #......
##.###......#... ##...).. .#
##....+......# .....'....... #.
##..#####...#####...##....... ..
#....# .#'#...#'# #........
.####.##..# ###.......#####......
......# #'#.#..g))......#.#+#...#
#..##.###...##..@).....##...#####
.†.##.#......'.........'......#..
#..##.#......##.......##......#..
#..##.#.......#..)....#.......#..
##....'.......####'####.......'..
......#.......#.......#.......#..
####..#......##.......##......#..
# #.#......'.........'......#.. #
#.###...##.........##...#####


You could see a gnoll sergeant.

Vanquished Creatures
  Sigmund (D:2)
  A hound (D:3)
  2 orc priests
  3 orc wizards
  12 mummies (Ossuary)
  8 adders
  7 gnolls
  A white imp (D:4)
  2 worms
  2 dart slugs (D:1)
  5 orcs
  6 bats
  9 endoplasms
  A giant cockroach (D:1)
  6 goblins
  8 hobgoblins
  3 jackals (D:2)
  3 quokkas
  13 ball pythons
  2 frilled lizards
  5 gnoll skeletons (Ossuary)
  16 kobolds
  A kobold skeleton (Ossuary)
  2 orc skeletons (Ossuary)
  7 rats
  11 rat skeletons (Ossuary)
137 creatures vanquished.

Notes
Turn   | Place    | Note
-------+----------+-------------------------------------------
     0 | D:1      | EarthwalkerPL the Minotaur Fighter began the quest for the
                  | Orb.
     0 | D:1      | Reached XP level 1. HP: 19/19 MP: 0/0
   118 | D:1      | Reached XP level 2. HP: 26/27 MP: 1/1
   671 | D:1      | Reached XP level 3. HP: 33/33 MP: 2/2
  1134 | D:2      | Reached XP level 4. HP: 37/41 MP: 3/3
  1691 | D:2      | Noticed Sigmund
  1747 | D:2      | Killed Sigmund
  1748 | D:2      | Reached skill level 5 in Fighting
  1748 | D:2      | Reached skill level 5 in Armour
  1748 | D:2      | Reached XP level 5. HP: 10/48 MP: 4/4
  2064 | D:2      | Found an ancient bone altar of Kikubaaqudgha.
  2196 | D:3      | Reached XP level 6. HP: 56/56 MP: 5/5
  2263 | D:3      | Found Imuqoc's Assorted Antiques.
  2539 | D:3      | Found a blossoming altar of Fedhas.
  2717 | D:3      | Reached skill level 5 in Axes
  3210 | D:4      | Found a sand-covered staircase.
  3221 | Ossuary  | Entered an ossuary
  3524 | Ossuary  | Reached XP level 7. HP: 56/57 MP: 6/6
  3581 | Ossuary  | Reached skill level 5 in Shields
  4336 | D:4      | HP: 2/64 [gnoll sergeant/+3 spear of freezing (5)]
  4336 | D:4      | Slain by a gnoll sergeant

Illustrated notes

Levels and vault maps discovered:
D:1:      beargit_arrival_greenhouse, layout_loops_cross
D:2:      layout_loops_ring, basic_altar, uniq_sigmund
D:3:      layout_basic, lemuel_crystal_altar, serial_shops, nicolae_square_shop,
          amethyst_killhole
D:4:      nicolae_cairo_tiling_very_big, layout_basic,
          nicolae_ossuary_entry_ruins, kennysheep_generic_room_13,
          uniq_eustachio

Skill      XL: |  1  2  3  4  5  6  7 |
---------------+----------------------+-----
Armour         | 4 5 6 |  6.5
Fighting       | 4 5 6 |  6.4
Axes           | 3 4 5 |  5.7
Shields        | 4 5 |  5.2

Action                   |  1- 3 |  4- 6 |  7- 9 || total
-------------------------+-------+-------+-------++-------
Melee: War axe           |    99 |   171 |    74 ||   344
       Headbutt          |    17 |    18 |    15 ||    50
Armor: Scale mail        |     6 |       |       ||     6
       Plate armour      |    59 |   107 |    24 ||   190
Dodge: Dodged            |    24 |    34 |    21 ||    79
Block: Buckler           |    28 |    30 |    23 ||    81
